 Dungeon Crawl Stone Soup version 0.25-a0-167-g836c352 (webtiles) character file.

Game seed: 10862266634231119807, levelgen mode: deterministic

8803 TheGoonsmith the Grappler (level 11, -2/109 HPs)
             Began as a Troll Monk on Nov 24, 2019.
             Was a Priest of Ru.
             Slain by Snorg (9 damage)
             ... on level 9 of the Dungeon.
             The game lasted 00:23:38 (8490 turns).

TheGoonsmith the Grappler (Troll Monk)              Turns: 8490, Time: 00:23:39

Health: -2/109     AC: 10    Str: 20    XL:     11   Next: 14%
Magic:  10/10      EV: 14    Int:  6    God:    Ru [***...]
Gold:   653        SH:  0    Dex: 14    Spells: 10/10 levels left

rFire    + . .     SeeInvis .     - Unarmed
rCold    . . .     Gourm    +   (no shield)
rNeg     . . .     Faith    .   a - +1 robe
rPois    .         Spirit   .   Q - +0 hat {MR+}
rElec    .         Reflect  .   T - +2 cloak {+Inv}
rCorr    +         Harm     .   (gloves unavailable)
MR       +....                  (boots unavailable)
Stlth    ++........             k - amulet of regeneration
HPRegen  1.08/turn              n - ring of resist corrosion
MPRegen  0.12/turn              t - ring of protection from fire

@: no status effects
A: large, unfitting armour, claws 3, fast metabolism 3, gourmand, regeneration
1, shaggy fur 1, tough skin 3, weak 1, inability to train armour, no hexes
magic, no ice magic, no translocations magic, disrupted magic 1
a: Draw Out Power, Renounce Religion, Evoke Invisibility


You were on level 9 of the Dungeon.
You worshipped Ru.
Ru was most pleased with you.
You were completely stuffed.

You visited 2 branches of the dungeon, and saw 12 of its levels.
You also visited: Ossuary.

You collected 653 gold pieces.

Inventory:

Missiles
 e - 11 boomerangs of dispersal
 f - 27 poisoned darts (quivered)
 q - 4 boomerangs
 N - 3 atropa-tipped darts
Armour
 a - a +1 robe (worn)
 p - a +2 cloak
 v - a +1 hat
 C - a scarf of cloud immunity
 Q - a +0 hat of magic resistance (worn)
 T - a +2 cloak of invisibility (worn)
Jewellery
 g - an uncursed ring of fire
 k - an amulet of regeneration (around neck)
 n - a ring of resist corrosion (left claw)
 t - a ring of protection from fire (right claw)
 A - an uncursed ring of magical power
 I - a +3 ring of intelligence
 U - an uncursed ring of ice
Wands
 m - a wand of acid (3)
 w - a wand of random effects (24)
 x - a wand of polymorph (7)
 O - a wand of digging (9)
 R - a wand of flame (11)
 S - a wand of disintegration (36)
Scrolls
 c - 5 scrolls of fog
 h - 3 scrolls of teleportation
 r - 2 scrolls of identify
 y - 4 scrolls of remove curse
 z - 5 scrolls of immolation
 B - a scroll of enchant weapon
 F - 3 scrolls of blinking
 M - 4 scrolls of amnesia
Potions
 d - 8 potions of curing
 i - 3 potions of flight
 j - a potion of ambrosia {unknown}
 l - 5 potions of agility
 o - 5 potions of heal wounds
 s - 2 potions of might
 u - 2 potions of brilliance {unknown}
 E - 2 potions of haste {unknown}
 G - 2 potions of berserk rage {unknown}
 H - a potion of magic {unknown}
 J - 2 potions of lignification {unknown}
 K - 3 potions of invisibility {unknown}
 L - 2 potions of mutation {unknown}
 P - 3 potions of resistance {unknown}
Comestibles
 b - 12 rations
 D - 4 chunks of flesh


   Skills:
 + Level 7.0 Fighting
 + Level 6.8 Throwing
 + Level 7.0 Dodging
 - Level 1.0 Stealth
 * Level 11.4 Unarmed Combat


You had 10 spell levels left.
You didn't know any spells.
Your spell library was empty.

Dungeon Overview and Level Annotations

Branches:
Dungeon (11/15)            Temple (1/1) D:4            Lair (0/6) D:10
Ossuary (visited)
    Orc: D:9-12

Altars:
Ashenzari
Cheibriados
Dithmenos
Elyvilon
Fedhas
Gozag
Hepliaklqana
Kikubaaqudgha
Makhleb
Nemelex Xobeh
Okawaru
Qazlal
Ru
Sif Muna
Trog
Uskayaw
Vehumet
Wu Jian
Xom
Yredelemnul
Zin
The Shining One

Shops:
D:6 %   D:8 (

Annotations:
D:8 1 runed translucent door, myxocpahck's ghost, novice DgAE
D:9 Snorg


Innate Abilities, Weirdness & Mutations

You are too large for most types of armour.
You have claws for hands.
Your metabolism is lightning-fast.
You like to eat raw meat.
Your natural rate of healing is unusually fast.
You are covered in fur. (AC +1)
You have extremely tough skin. (AC +3)
You are weak. (Str -2)
You cannot train Armour skill.
You cannot study or cast Hexes magic.
You cannot study or cast Ice magic.
You cannot study or cast Translocations magic.
Your casting is slightly disrupted.


Message History

You mangle Snorg!!
Snorg is almost dead.
Snorg bites you! Snorg claws you.
You focus your will and illuminate Snorg in retribution!
Snorg claws you but does no damage.
You barely miss Snorg.
Snorg is almost dead.
Snorg misses you. Snorg claws you! Snorg misses you.
You claw Snorg!
Snorg is almost dead.
Snorg bites you but does no damage. Snorg closely misses you. Snorg claws you!
* * * LOW HITPOINT WARNING * * *
You claw Snorg!
Snorg is almost dead.
Snorg bites you!!
* * * LOW HITPOINT WARNING * * *
Snorg claws you.
* * * LOW HITPOINT WARNING * * *
Snorg claws you!
You die...

.# #.#...................#......
.####.#..............##...#......
......####'############...####'##
......................#....##..##
...#......####......<.#....##..##
...#......####......#.#....##..##
......................########.##
.....######....##########....#.##
.##..#....#....#@.......#.##.#...
.##..'....#.##.#.T......#.##.#...
.....#....#.##.#........'.##.#...
.....#....#.##.#........#.##.#...
.....##...#.##.#........#.##.#...
......#...#....#....##..#....#...
..##..#...######....##..######...
..##..#...#.................##..#
......#...#.................##..#


You could see Snorg (berserk).

Vanquished Creatures
  Gastronok (D:9)
  2 two-headed ogres
  Pikel (D:4)
  Maurice (D:9)
  A hippogriff (D:7)
  3 yaks (D:9)
  Grum (D:9)
  A hungry ghost (D:8)
  Menkaure (Ossuary)
  A water moccasin (D:10)
  3 orc warriors
  An ice beast (D:6)
  A slave (D:4)
  3 ogres
  4 wolves
  A necrophage (D:7)
  5 centaurs
  A big kobold (D:6)
  A crocodile (D:7)
  3 bullfrogs
  A wyvern zombie (D:6)
  A scorpion (D:4)
  6 killer bees (D:9)
  3 wights (D:9)
  2 howler monkeys (D:6)
  6 crimson imps
  2 bullfrog zombies (D:6)
  2 centaur zombies
  A jelly (D:7)
  2 hounds
  4 orc priests
  A centaur skeleton (D:9)
  A human zombie (Ossuary)
  2 iguanas
  9 orc wizards
  7 worker ants
  A killer bee zombie (D:6)
  4 ogre zombies (Ossuary)
  A hound zombie (D:9)
  6 mummies (Ossuary)
  2 worker ant zombies
  8 adders
  3 shadow imps
  An ooze (D:5)
  An adder skeleton (D:4)
  6 adder zombies
  A worm (D:3)
  4 dart slugs
  6 leopard geckos
  33 orcs
  A ball python (D:6)
  5 bats
  4 giant cockroaches
  6 goblins
  9 hobgoblins
  11 jackals
  4 quokkas
  10 frilled lizards
  A giant cockroach zombie (D:6)
  4 goblin zombies (Ossuary)
  3 hobgoblin zombies (Ossuary)
  9 kobolds
  4 kobold zombies (Ossuary)
  3 leopard gecko skeletons
  3 quokka skeletons (D:6)
  7 quokka zombies
  6 rats
  6 rat zombies
259 creatures vanquished.

Vanquished Creatures (others)
  An orc wizard (D:6)
  A leopard gecko (D:4)
  2 jackals (D:4)
  A withered plant (D:8)
5 creatures vanquished.

Grand Total: 264 creatures vanquished

Notes
Turn   | Place    | Note
-------+----------+-------------------------------------------
     0 | D:1      | TheGoonsmith the Troll Monk began the quest for the Orb.
     0 | D:1      | Reached XP level 1. HP: 22/22 MP: 0/0
    70 | D:1      | Reached XP level 2. HP: 29/29 MP: 1/1
   266 | D:1      | Reached XP level 3. HP: 33/36 MP: 2/2
  1767 | D:3      | Found a basalt altar of Yredelemnul.
  1776 | D:3      | Found a glowing golden altar of the Shining One.
  1865 | D:3      | Reached skill level 4 in Unarmed Combat
  1865 | D:3      | Reached XP level 4. HP: 37/44 MP: 3/3
  2290 | D:3      | Reached XP level 5. HP: 42/53 MP: 4/4
  2508 | D:3      | Found a sacrificial altar of Ru.
  2682 | D:3      | Became a worshipper of Ru the Awakened
  2703 | D:3      | Gained mutation: Your casting is slightly disrupted. [Ru
                  | sacrifice]
  3035 | D:3      | Noticed an angel
  3117 | D:4      | Reached skill level 1 in Throwing
  3126 | D:4      | Found a glowing silver altar of Zin.
  3205 | D:4      | Noticed an ogre
  3216 | D:4      | Killed an ogre
  3216 | D:4      | Reached skill level 5 in Unarmed Combat
  3216 | D:4      | Reached XP level 6. HP: 54/61 MP: 5/5
  3295 | D:4      | Noticed a slave
  3307 | D:4      | Killed a slave
  3309 | D:4      | Noticed a slave
  3309 | D:4      | Noticed a slave
  3310 | D:4      | Noticed Pikel
  3310 | D:4      | Noticed a slave
  3347 | D:4      | Killed Pikel
  3347 | D:4      | Reached skill level 6 in Unarmed Combat
  3347 | D:4      | Reached XP level 7. HP: 63/68 MP: 6/6
  3374 | D:4      | Found a staircase to the Ecumenical Temple.
  3406 | Temple   | Entered the Ecumenical Temple
  3562 | D:4      | Found an ornate altar of the Wu Jian Council.
  3575 | D:4      | Found a blossoming altar of Fedhas.
  3919 | D:5      | Entered Level 5 of the Dungeon
  4231 | D:5      | Reached XP level 8. HP: 78/78 MP: 7/7
  4352 | D:5      | Found an ancient bone altar of Kikubaaqudgha.
  4353 | D:5      | Found a burning altar of Makhleb.
  4354 | D:5      | Found a shimmering altar of Xom.
  4461 | D:6      | Gained mutation: You cannot train Armour skill. [Ru
                  | sacrifice]
  4461 | D:6      | Reached * piety under Ru
  4470 | D:6      | Found Wompe's Food Shoppe.
  4557 | D:6      | Reached skill level 7 in Unarmed Combat
  4888 | D:6      | Found a white marble altar of Elyvilon.
  4979 | D:6      | Found a sand-covered staircase.
  4989 | Ossuary  | Entered an ossuary
  5035 | Ossuary  | Noticed Menkaure
  5041 | Ossuary  | Killed Menkaure
  5041 | Ossuary  | Reached skill level 5 in Dodging
  5041 | Ossuary  | Reached skill level 8 in Unarmed Combat
  5102 | Ossuary  | Reached skill level 5 in Fighting
  5157 | Ossuary  | Reached XP level 9. HP: 83/88 MP: 8/8
  6110 | D:7      | Upgraded the game from 0.25-a0-166-g16436c4 to
                  | 0.25-a0-167-g836c352
  6166 | D:7      | Gained mutation: You cannot study or cast Ice magic. [Ru
                  | sacrifice]
  6166 | D:7      | Gained mutation: You cannot study or cast Hexes magic. [Ru
                  | sacrifice]
  6166 | D:7      | Gained mutation: You cannot study or cast Translocations
                  | magic. [Ru sacrifice]
  6166 | D:7      | Reached ** piety under Ru
  6361 | D:7      | Reached skill level 9 in Unarmed Combat
  6441 | D:7      | Reached skill level 5 in Throwing
  6458 | D:7      | Found a shattered altar of Ashenzari.
  6697 | D:8      | Found Nutag's Antique Weapon Shoppe.
  6714 | D:8      | You fall into a shaft and drop 3 floors!
  6715 | D:11     | Noticed a skeletal warrior
  6732 | D:10     | Entered Level 10 of the Dungeon
  6828 | D:8      | Noticed a two-headed ogre
  6837 | D:8      | Killed a two-headed ogre
  6837 | D:8      | Reached XP level 10. HP: 39/98 MP: 9/9
  6893 | D:8      | Found a runed translucent door.
  6893 | D:8      | Noticed myxocpahck's ghost (novice DgAE)
  7208 | D:9      | Noticed Grum
  7220 | D:9      | Reached skill level 10 in Unarmed Combat
  7296 | D:9      | Killed Grum
  7320 | D:9      | Noticed Gastronok
  7334 | D:9      | Killed Gastronok
  7452 | D:9      | Found a shadowy altar of Dithmenos.
  7477 | D:9      | Found an opulent altar of Gozag.
  7762 | D:9      | Gained mutation: You are weak. (Str -2) [Ru sacrifice]
  7762 | D:9      | Reached *** piety under Ru
  7781 | D:9      | Reached skill level 11 in Unarmed Combat
  7889 | D:9      | Noticed Maurice
  7889 | D:9      | Noticed a two-headed ogre
  7899 | D:9      | Killed a two-headed ogre
  7899 | D:9      | Reached XP level 11. HP: 73/107 MP: 10/10
  7907 | D:9      | Killed Maurice
  8464 | D:10     | Noticed Snorg
  8466 | D:10     | Found a staircase to the Lair.
  8490 | D:9      | Slain by Snorg

Levels and vault maps discovered:
D:1:      lemuel_arrival_cross, layout_basic, minmay_statues_item
D:2:      layout_basic, first_ration, minivault_26,
          minmay_misc_feat_four_crosses
D:3:      layout_basic, grunt_temple_overflow_holy_war,
          lemuel_coloured_pillars_altar
D:4:      layout_basic, nicolae_overflow_crystal_walls, old_standard_altar,
          fedhas_altar_1, minmay_temple_entry_water_ring, uniq_pikel
D:5:      layout_basic, minitemple
D:6:      kennysheep_spiral_hall, layout_basic, lemuel_round_altar,
          serial_shops, nicolae_shop_behind_doors, serial_undead,
          serial_undead_f, serial_undead_f, serial_undead_d, serial_undead_a,
          enter_ossuary_4
D:7:      layout_basic, cheibrodos_ashenzari_chains
D:8:      layout_rooms, gammafunk_ghost_grave, serial_shops, shop
D:9:      layout_stronghold, nicolae_gozag_seed_capital, basic_altar,
          uniq_maurice, uniq_grum, uniq_gastronok
D:10:     layout_loops_ring, minmay_lair_entry_grove, serial_co_window_serial,
          co_window_paths_b, co_window_paths_b, co_window_corner_a,
          co_window_of_opportunity_a, co_window_paths_b, co_window_2corner,
          co_window_unsneaky_path_d, co_window_corner_cb, co_window_corner_b,
          co_window_broadway_a, co_window_corner_b, glass_columns_c,
          blue_anna_alchemist [blue_anna_fruit_fields, blue_anna_fruit_fields],
          minmay_circle_x, uniq_snorg
D:11:     layout_basic, minmay_st_funbox
Temple:   eino_temple_lava

Skill      XL: |  1  2  3  4  5  6  7  8  9 10 11 |
---------------+----------------------------------+-----
Dodging        | 3 4 5 6 7 |  7.0
Unarmed Combat | 4 5 6 8 9 11 | 11.4
Fighting       | 3 4 5 6 7 |  7.0
Throwing       | 1 2 3 4 5 6 |  6.8
Stealth        | |  1.0

Action                   |  1- 3 |  4- 6 |  7- 9 | 10-12 || total
-------------------------+-------+-------+-------+-------++-------
Melee: Unarmed           |   118 |   102 |   440 |   168 ||   828
       Punch             |     1 |     1 |    17 |     9 ||    28
Invok: Sacrifice Essence |       |     1 |       |       ||     1
       Sacrifice Durabil |       |       |     1 |       ||     1
       Sacrifice Arcana  |       |       |     1 |       ||     1
       Sacrifice Purity  |       |       |       |     1 ||     1
  Use: Scroll            |       |     6 |    16 |       ||    22
 Stab: Sleeping          |     4 |     2 |     7 |     1 ||    14
       Distracted        |       |     1 |       |     1 ||     2
  Eat: Chunk             |    13 |    18 |    34 |    21 ||    86
       Ration            |       |       |     1 |     1 ||     2
Armor: Robe              |    39 |    20 |   119 |    56 ||   234
Dodge: Dodged            |    49 |    47 |   209 |   122 ||   427

Table legend:
 A = Non-vault XP
 B = Vault XP
 C = Vault XP percentage of total XP
 D = Non-vault monster count
 E = Vault monster count
 F = Vault count percentage of total count
                 A         B        C        D         E       F
            +---------+---------+-------+---------+---------+-------
      Total |    7742 |    4835 |  38.4 |     196 |      63 |  24.3
            +---------+---------+-------+---------+---------+-------
        D:1 |      62 |       0 |   0.0 |      34 |       0 |   0.0
        D:2 |      11 |       0 |   0.0 |       7 |       0 |   0.0
        D:3 |     155 |       0 |   0.0 |      27 |       0 |   0.0
        D:4 |     271 |     629 |  69.9 |      14 |       1 |   6.7
        D:5 |     333 |       0 |   0.0 |       9 |       0 |   0.0
        D:6 |     721 |     468 |  39.4 |      25 |      18 |  41.9
        D:7 |    1459 |       0 |   0.0 |      33 |       0 |   0.0
        D:8 |    1286 |      90 |   6.5 |      13 |       1 |   7.1
        D:9 |    2446 |    3146 |  56.3 |      27 |       6 |  18.2
       D:10 |     952 |       0 |   0.0 |       6 |       0 |   0.0
       D:11 |      46 |       0 |   0.0 |       1 |       0 |   0.0
    Ossuary |       0 |     502 | 100.0 |       0 |      37 | 100.0
            +---------+---------+-------+---------+---------+-------
